 Dungeon Crawl Stone Soup version 0.31-a0-255-g9c3d1c461a (webtiles) character file.

Game seed: 17132401529997930310

972 qw the Skirmisher (level 8, -18/49 HPs)
             Began as a Gargoyle Hexslinger on July 12, 2023.
             Killed from afar by an acid dragon (28 damage)
             ... with a splash of acid
             ... on level 6 of the Dungeon.
             The game lasted 00:01:49 (3535 turns).

qw the Skirmisher (Gargoyle Hexslinger)             Turns: 3535, Time: 00:01:50

Health: -18/49     AC:  8    Str: 12    XL:     8   Next: 16%
Magic:  0/9        EV: 10    Int: 14    God:
Gold:   250        SH:  0    Dex: 14    Spells: 8/9 levels left

rFire   . . .        Y - +6 sling
rCold   + . .        (no shield)
rNeg    + . .        d - +0 ring mail
rPois   inf          (no helmet)
rElec   +            i - +1 cloak
rCorr   .            (no gloves)
SInv    .            (no boots)
Will    .....        b - amulet of guardian spirit
Stlth   +            h - ring of protection from cold
HPRegen 0.28/turn    (no ring)
MPRegen 0.11/turn

%: guardian spirit
@: about to teleport, corroded
A: sickness immunity, AC +5, negative energy resistance 1, electricity
resistance, torment resistance 1, petrification resistance
a: no special abilities


You were on level 6 of the Dungeon.
You visited 1 branch of the dungeon, and saw 6 of its levels.

You collected 250 gold pieces.


Innate Abilities, Weirdness & Mutations

You are immune to sickness and miasma.
Your stone body is resilient. (AC +5)
You are immune to poison.
You resist negative energy. (rN+)
You are resistant to electric shocks. (rElec)
You are resistant to unholy torment.
You are immune to petrification.


   Skills:
 - Level 5.1 Fighting
 - Level 8.0 Ranged Weapons
 + Level 1.2 Armour
 - Level 1.5 Dodging
 - Level 1.0 Spellcasting
 - Level 2.6 Hexes


You had 8 spell levels left.
You knew the following spells:

 Your Spells              Type           Power      Damage    Failure   Level
a - Slow                  Hex            32%        N/A       21%         1

Your spell library contained the following spells:

 Spells                   Type           Power      Damage    Failure   Level
 Inner Flame              Hex/Fire       4%         N/A       71%         3
 Portal Projectile        Hex/Tloc       8%         N/A       71%         3
 Cause Fear               Hex            4%         N/A       89%         4

Inventory:

Hand Weapons
 Y - a +6 sling (weapon)
Armour
 d - a +0 ring mail (worn)
 i - a +1 cloak (worn)
Jewellery
 b - an amulet of guardian spirit (around neck)
 h - a ring of protection from cold (left hand)
Wands
 n - a wand of digging (4)
Scrolls
 a - 4 scrolls of identify
Potions
 c - a potion of curing
 e - a potion of cancellation
 g - a potion of resistance
 j - a potion of might

Dungeon Overview and Level Annotations

Branches:
Dungeon (6/15)             Temple (0/1) D:6

Altars:
Fedhas
Qazlal

Annotations:
D:3 2 transporters, qw's ghost, amateur GrHs


Message History

You shoot a sling bullet.
The sling bullet hits the acid dragon but does no damage.
The acid dragon is moderately wounded.
The acid dragon bites you. The acid dragon closely misses you.
The acid dragon spits acid at you. The splash of acid misses you.
You shoot a sling bullet.
The sling bullet closely misses the acid dragon.
The acid dragon spits acid at you. The splash of acid hits you!
The acid corrodes you!
You shoot a sling bullet. The sling bullet hits the acid dragon.
The acid dragon is heavily wounded.
The acid dragon bites you.
The acid dragon claws you but does no damage.
You shoot a sling bullet.
The sling bullet hits the acid dragon but does no damage.
The acid dragon is heavily wounded.
The acid dragon closely misses you. The acid dragon claws you.
You shoot a sling bullet. The sling bullet hits the acid dragon.
The acid dragon is heavily wounded.
The acid dragon spits acid at you. The splash of acid misses you.
You shoot a sling bullet.
The sling bullet hits the acid dragon but does no damage.
The acid dragon is heavily wounded.
The acid dragon bites you. The acid dragon barely misses you.
3533 ||| READING scroll of teleportation.
As you read the scroll of teleportation, it crumbles to dust.
You feel strangely unstable. The acid dragon bites you.
The acid dragon claws you but does no damage.
You shoot a sling bullet.
The sling bullet barely misses the acid dragon.
The acid dragon bites you. The acid dragon barely misses you.
You shoot a sling bullet.
The sling bullet closely misses the acid dragon.
The acid dragon spits acid at you. The splash of acid hits you!!
Ouch! That really hurt!
You die...

............#
............###
..............###
........#..#....#
....###...###.###
.#..##..## ##.#
.......## #.##
..# ##.## .. ##@#
#D...# .##### .#
.# .. .. ..


You could see an acid dragon (catching breath).

Vanquished Creatures
  Sigmund (D:4)
  A black bear (D:5)
  A bullfrog (D:6)
  A scorpion (D:5)
  A howler monkey (D:5)
  6 hounds
  4 orc priests
  2 orc wizards
  3 gnolls (D:4)
  7 adders
  2 ufetubi
  3 worms
  12 orcs
  11 endoplasms
  3 giant cockroaches
  12 goblins
  12 hobgoblins
  2 jackals (D:3)
  A quokka (D:5)
  10 ball pythons
  5 bats
  3 frilled lizards (D:1)
  6 kobolds
  7 rats
116 creatures vanquished.

Notes
Turn   | Place    | Note
-------+----------+-------------------------------------------
     0 | D:1      | qw the Gargoyle Hexslinger began the quest for the Orb.
     0 | D:1      | Reached XP level 1. HP: 12/12 MP: 2/2
     0 | D:1      | 0 ||| qw: Version: 0.3-a-52-g30416fa
     0 | D:1      | 0 ||| qw: Game counter: 6722
     0 | D:1      | 0 ||| qw: Melee chars always use a shield: true
     0 | D:1      | 0 ||| qw: God list: Okawaru
     0 | D:1      | 0 ||| qw: Allow faded altars: false
     0 | D:1      | 0 ||| qw: Do Orc after clearing Dungeon:15 true
     0 | D:1      | 0 ||| qw: Do second Lair branch before Depths: true
     0 | D:1      | 0 ||| qw: Lair rune preference: random
     0 | D:1      | 0 ||| qw: Goals: Normal
     0 | D:1      | 0 ||| PLANNING D:1-11
   165 | D:1      | Reached XP level 2. HP: 16/16 MP: 3/3
   240 | D:1      | Reached skill level 3 in Ranged Weapons
   400 | D:1      | Reached XP level 3. HP: 21/21 MP: 4/4
   801 | D:1      | 801 ||| UPGRADING to +0 ring mail.
   811 | D:1      | 811 ||| DROPPING +0 robe.
   812 | D:1      | 812 ||| READING 3 scrolls labelled CEASMU WIESH.
   813 | D:1      | 813 ||| READING scroll labelled ETUREPNUESA.
   814 | D:1      | 814 ||| READING 3 scrolls labelled XATUHUUT UXT.
   815 | D:1      | 815 ||| READING 2 scrolls of enchant weapon.
   815 | D:1      | 815 ||| ENCHANTING +2 sling.
   816 | D:1      | 816 ||| READING scroll of enchant weapon.
   816 | D:1      | 816 ||| ENCHANTING +3 sling.
   817 | D:1      | 817 ||| READING scroll labelled HIUL HIXUMN.
   820 | D:1      | 820 ||| READING 2 scrolls of identify.
   820 | D:1      | 820 ||| IDENTIFYING amethyst potion
   821 | D:1      | 821 ||| DROPPING scroll of poison.
   822 | D:1      | 822 ||| DROPPING potion of magic.
   852 | D:2      | 852 ||| STAIRDANCE
  1085 | D:2      | Reached XP level 4. HP: 26/26 MP: 5/5
  1091 | D:2      | Reached skill level 4 in Ranged Weapons
  1114 | D:2      | 1114 ||| READING scroll of enchant weapon.
  1114 | D:2      | 1114 ||| ENCHANTING +4 sling.
  1305 | D:2      | 1305 ||| UPGRADING to amulet of guardian spirit.
  1328 | D:3      | Reached skill level 1 in Armour
  1373 | D:3      | Found a transporter.
  1373 | D:3      | Noticed qw's ghost (amateur GrHs)
  1381 | D:3      | Found a transporter.
  1673 | D:3      | 1673 ||| UPGRADING to +0 cloak.
  1678 | D:3      | 1678 ||| UPGRADING to ring of protection from cold.
  1679 | D:3      | 1679 ||| READING scroll labelled DIJORHOSCHU.
  1680 | D:3      | 1680 ||| READING 2 scrolls of identify.
  1680 | D:3      | 1680 ||| IDENTIFYING lumpy emerald potion
  1749 | D:4      | Reached XP level 5. HP: 23/30 MP: 4/6
  1756 | D:4      | Reached skill level 5 in Ranged Weapons
  1760 | D:4      | HP: 7/30 [orc/+0 mace (5)]
  1761 | D:4      | 1761 ||| READING scroll of teleportation.
  1763 | D:4      | Found a blossoming altar of Fedhas.
  1880 | D:4      | Found a stormy altar of Qazlal.
  2006 | D:4      | Reached skill level 3 in Fighting
  2006 | D:4      | Reached XP level 6. HP: 19/37 MP: 3/7
  2081 | D:4      | 2081 ||| READING scroll of enchant weapon.
  2081 | D:4      | 2081 ||| ENCHANTING +5 sling.
  2285 | D:4      | Noticed Sigmund
  2292 | D:4      | Killed Sigmund
  2293 | D:4      | Reached skill level 6 in Ranged Weapons
  2700 | D:4      | 2700 ||| READING scroll labelled IWKUEGRUEWI.
  2701 | D:4      | 2701 ||| READING 4 scrolls of identify.
  2701 | D:4      | 2701 ||| IDENTIFYING pink potion
  2725 | D:5      | Entered Level 5 of the Dungeon
  2731 | D:5      | Reached XP level 7. HP: 41/42 MP: 8/8
  2802 | D:5      | 2802 ||| READING scroll of enchant armour.
  2802 | D:5      | 2802 ||| ENCHANTING +0 cloak.
  2891 | D:5      | Reached skill level 7 in Ranged Weapons
  3018 | D:5      | Reached skill level 8 in Ranged Weapons
  3018 | D:5      | Reached XP level 8. HP: 48/48 MP: 9/9
  3276 | D:5      | 3276 ||| DROPPING +1 cloak.
  3277 | D:5      | 3277 ||| READING scroll labelled MAPYSK EKHA.
  3308 | D:5      | 3308 ||| READING scroll labelled LALUTA JUSYM.
  3309 | D:5      | 3309 ||| DRINKING 2 coppery potions.
  3310 | D:5      | 3310 ||| READING 3 scrolls of identify.
  3310 | D:5      | 3310 ||| IDENTIFYING emerald potion
  3311 | D:5      | 3311 ||| DROPPING potion of ambrosia.
  3326 | D:6      | 3326 ||| PLANNING OSSUARY
  3351 | D:6      | Found a staircase to the Ecumenical Temple.
  3532 | D:6      | HP: 12/49 [acid dragon (5)]
  3533 | D:6      | 3533 ||| READING scroll of teleportation.
  3535 | D:6      | Killed from afar by an acid dragon

Levels and vault maps discovered:
D:1:      dpeg_arrival_tiny_h, layout_loops_corners
D:2:      layout_rooms, chequers_arboretum, minmay_misc_feat_plants
D:3:      layout_rooms, gammafunk_ghost_mausoleum
D:4:      layout_basic, grunt_temple_overflow_forces_of_nature,
          dreamdust_mushroom_princess, grunt_ministairs_8,
          hangedman_decor_points, uniq_sigmund
D:5:      layout_rooms, kennysheep_big_empty_room
D:6:      layout_layer_cave, minmay_temple_entry_purple_smoke, enter_ossuary_5

Skill      XL: |  1  2  3  4  5  6  7  8 |
---------------+-------------------------+-----
Ranged Weapons | 3 4 5 6 8 |  8.0
Fighting       | 2 3 4 5 |  5.1
Armour         | 1 |  1.2
Dodging        | |  1.5
Spellcasting   | |  1.0
Hexes          | |  2.6

Action                     |  1- 3 |  4- 6 |  7- 9 || total
---------------------------+-------+-------+-------++-------
   Fire: Sling             |   144 |   141 |   105 ||   390
    Use: Scroll            |     7 |     7 |     5 ||    19
         Potion            |       |       |     1 ||     1
 Armour: Robe              |    11 |       |       ||    11
         Ring mail         |     3 |    32 |    31 ||    66
  Dodge: Dodged            |    36 |    57 |    30 ||   123

Table legend:
 A = Non-vault XP
 B = Vault XP
 C = Vault XP percentage of total XP
 D = Non-vault monster count
 E = Vault monster count
 F = Vault count percentage of total count
                 A         B        C        D         E       F
            +---------+---------+-------+---------+---------+-------
      Total |    1160 |     229 |  16.5 |     113 |       3 |   2.6
            +---------+---------+-------+---------+---------+-------
        D:1 |      56 |       0 |   0.0 |      32 |       0 |   0.0
        D:2 |      63 |       0 |   0.0 |      21 |       0 |   0.0
        D:3 |      24 |       0 |   0.0 |      13 |       0 |   0.0
        D:4 |     208 |     229 |  52.4 |      23 |       3 |  11.5
        D:5 |     692 |       0 |   0.0 |      21 |       0 |   0.0
        D:6 |     117 |       0 |   0.0 |       3 |       0 |   0.0
            +---------+---------+-------+---------+---------+-------
